 Dungeon Sprint DCSS version 0.17-a0-1663-gb806841 (webtiles) character file.

292 Kidiri the Blocker (level 6, 0/57 HPs)
             Began as a Minotaur Fighter on Aug 16, 2015.
             Was a Follower of Okawaru.
             Slain by a hill giant
             ... wielding a +0 giant club
              (24 damage)
             ... in the Dungeon (Sprint IX: "|||||||||||||||||||||||||||||").
             The game lasted 00:02:22 (509 turns).

Kidiri the Blocker (Minotaur Fighter)                Turns: 509, Time: 00:02:22

Health: 0/57       AC: 11    Str: 25    XL:     6   Next: 10%
Magic:  1/7        EV: 16    Int:  5    God:    Okawaru [*.....]
Gold:   0          SH: 13    Dex: 10    Spells: 0 memorised, 5 levels left

rFire  . . .     SeeInvis .     a - +0 flail
rCold  . . .     Clarity  .     r - +2 ring mail
rNeg   . . .     SustAt   .     c - +0 shield
rPois  .         Gourm    .     (helmet restricted)
rElec  .         Spirit   .     (no cloak)
rCorr  .         Warding  .     (no gloves)
rMut   .         NoTele   +     q - +0 pair of boots
MR     .....                    (no amulet)
Stlth  ++........               s - +3 ring of strength
                                b - +2 ring of evasion

@: lethally poisoned (0 -> -1), heroism, not resistant to hostile enchantments,
unstealthy
A: retaliatory headbutt, horns 2
a: Heroism, Renounce Religion


You were in the Dungeon.
You worshipped Okawaru.
Okawaru was aware of your devotion.
You were not hungry.

You visited 1 branch

Inventory:

Hand weapons
 a - a +0 flail (weapon)
Armour
 c - a +0 shield (worn)
 q - a +0 pair of boots (worn)
 r - a +2 ring mail (worn)
Jewellery
 b - a +2 ring of evasion (left hand)
 s - a +3 ring of strength (right hand)
Magical devices
 p - a wand of fire (7)
Scrolls
 k - 2 scrolls of blinking
 n - 3 scrolls of remove curse
 o - 2 scrolls of amnesia
Potions
 d - a potion of might
 f - a potion of invisibility
 g - 2 potions of heal wounds
 h - a potion of haste
 i - 4 potions of magic
 m - 4 potions of curing
Comestibles
 e - a bread ration


   Skills:
 + Level 6.2(11.2) Fighting
 * Level 7.9(12.9) Maces & Flails
 * Level 8.0(13.0) Armour
 + Level 4.5(9.5) Dodging
 * Level 8.1(13.1) Shields
 + Level 3.4 Invocations


You had 5 spell levels left.
You didn't know any spells.

Dungeon Overview and Level Annotations

Branches:
Dungeon (1/1)

Altars:
Cheibriados
Dithmenos
Elyvilon
Fedhas
Gozag
Kikubaaqudgha
Makhleb
Nemelex Xobeh
Okawaru
Qazlal
Ru
Sif Muna
Trog
Vehumet
Xom
Yredelemnul
Zin
The Shining One
Beogh
Jiyva
Lugonu


Innate Abilities, Weirdness & Mutations

You reflexively headbutt those who attack you in melee.
You have a pair of horns on your head.


Message History

The eye of draining gazes at you.
You hit the hill giant. You headbutt the hill giant!
The hill giant is moderately wounded.
You feel sick.
You bludgeon the hill giant!!
The hill giant is heavily wounded.
The hill giant hits you with a giant club!
You hit the hill giant but do no damage.
You headbutt the hill giant.
The hill giant is heavily wounded.
You sock the hill giant!
The hill giant is severely wounded.
The hill giant closely misses you.
You sock the hill giant! Your headbutt misses the hill giant.
The hill giant is almost dead.
You feel sick.
You hit the hill giant but do no damage.
The hill giant is almost dead.
The hill giant hits you with a giant club!!
You die... ▓▓▓▓▓▓▓▓▓▓▓▓▓▓▓▓▓▓▓▓▓▓▓▓ '..|)[.[..')....@CyoGJe. ▓▓▓▓▓▓▓▓▓▓▓▓▓▓▓▓▓▓▓▓▓▓▓▓

You could see a hill giant, an eye of draining, a deep elf mage, a jelly, a killer bee and an orc wizard.

Vanquished Creatures
  A wraith (D)
  A hound (D)
  A jelly (D)
  An orc wizard (D)
  3 shadow imps (D)
  An adder (D)
  An ooze (D)
  An adder zombie (D)
  An orc (D)
  A bat (D)
  A goblin (D)
  2 kobolds (D)
  A rat (D)
16 creatures vanquished.

Notes
Turn   | Place    | Note
--------------------------------------------------------------
     0 | D        | Kidiri the Minotaur Fighter began the quest for the Orb.
     0 | D        | Reached XP level 1. HP: 19/19 MP: 0/0
    21 | D        | Reached skill level 4 in Armour
    21 | D        | Reached skill level 1 in Dodging
    38 | D        | Reached XP level 2. HP: 10/27 MP: 1/1
    50 | D        | Reached skill level 5 in Armour
    50 | D        | Reached skill level 5 in Shields
    50 | D        | Reached XP level 3. HP: 12/33 MP: 2/2
    60 | D        | Found a glowing silver altar of Zin.
    60 | D        | Found a glowing golden altar of the Shining One.
    60 | D        | Found an ancient bone altar of Kikubaaqudgha.
    60 | D        | Found a basalt altar of Yredelemnul.
    60 | D        | Found a shimmering altar of Xom.
    60 | D        | Found a radiant altar of Vehumet.
    61 | D        | Found an iron altar of Okawaru.
    62 | D        | Found a burning altar of Makhleb.
    63 | D        | Found a deep blue altar of Sif Muna.
    64 | D        | Found a bloodstained altar of Trog.
    65 | D        | Found a sparkling altar of Nemelex Xobeh.
    66 | D        | Found a white marble altar of Elyvilon.
    67 | D        | Found a roughly hewn altar of Beogh.
    68 | D        | Found a viscous altar of Jiyva.
    69 | D        | Became a worshipper of Warmaster Okawaru
    70 | D        | Found a corrupted altar of Lugonu.
    71 | D        | Found a blossoming altar of Fedhas.
    72 | D        | Found a snail-covered altar of Cheibriados.
    73 | D        | Found a shadowy altar of Dithmenos.
    74 | D        | Found a stormy altar of Qazlal.
    75 | D        | Found an opulent altar of Gozag.
    76 | D        | Found a sacrificial altar of Ru.
   239 | D        | Noticed a wraith
   239 | D        | Noticed an orc wizard
   239 | D        | Noticed a hound
   239 | D        | Noticed a jelly
   254 | D        | Killed a wraith
   254 | D        | Reached skill level 5 in Fighting
   254 | D        | Reached skill level 7 in Maces & Flails
   254 | D        | Reached XP level 4. HP: 36/42 MP: 2/5
   254 | D        | Reached XP level 5. HP: 41/49 MP: 2/6
   263 | D        | Killed an orc wizard
   268 | D        | Killed a hound
   268 | D        | Acquired Okawaru's first power
   275 | D        | Killed a jelly
   275 | D        | Reached skill level 8 in Armour
   275 | D        | Reached XP level 6. HP: 14/57 MP: 5/7
   497 | D        | Noticed a killer bee
   497 | D        | Noticed an orc wizard
   497 | D        | Noticed a hill giant
   497 | D        | Noticed an eye of draining
   497 | D        | Noticed a jelly
   497 | D        | Noticed a deep elf mage
   509 | D        | Slain by a hill giant

Vault maps used:
D:        linesprint

Action                   |  1- 3 |  4- 6 || total
-------------------------+-------+-------++-------
Melee: Flail             |    41 |    29 ||    70
Invok: Heroism           |       |     1 ||     1
  Use: Potion            |     3 |       ||     3
